 Dungeon Crawl Stone Soup version 0.18.1-48-g4cf74bf (webtiles) character file.

604 Inkary the Covered (level 7, -5/67 HPs)
             Began as a Gargoyle Fighter on July 20, 2016.
             Killed from afar by Britaniac's ghost (16 damage)
             ... with a flame tongue
             ... on level 5 of the Dungeon.
             The game lasted 00:08:09 (3368 turns).

Inkary the Covered (Gargoyle Fighter)               Turns: 3368, Time: 00:08:09

Health: -5/67      AC: 15    Str: 26    XL:     7   Next: 42%
Magic:  7/7        EV:  8    Int:  9    God:
Gold:   235        SH:  9    Dex:  9    Spells: 0 memorised, 6 levels left

rFire  . . .     SeeInvis .     C - +0 flail (pain)
rCold  . . .     Gourm    +     D - +2 ring mail {MR+}
rNeg   + . .     Faith    .     c - +0 shield
rPois  ∞         Spirit   .     (no helmet)
rElec  +         Dismiss  .     w - +0 cloak
rCorr  .         Reflect  .     q - +0 pair of gloves
SustAt .         Harm     .     (no boots)
MR     +....                    h - amulet of the gourmand
Stlth  ..........               (no ring)
                                (no ring)

@: mighty, berserking, very quick, somewhat resistant to hostile enchantments,
extremely unstealthy
A: negative energy resistance 1, electricity resistance, unbreathing,
petrification resistance, rot immunity, AC +4
a: no special abilities


You were on level 5 of the Dungeon.
You were completely stuffed.

You visited 1 branch of the dungeon, and saw 5 of its levels.

You collected 235 gold pieces.

Inventory:

Hand Weapons
 B - a +2 flail of crushing
 C - a +0 flail of pain (weapon)
Armour
 c - a +0 shield (worn)
 q - a +0 pair of gloves (worn)
 w - a +0 cloak (worn)
 D - a +2 ring mail of magic resistance (worn)
Jewellery
 h - an amulet of the gourmand (around neck)
 o - an uncursed ring of see invisible {unknown}
Wands
 b - a wand of iceblast (5/15)
 A - a wand of digging (1/24)
Scrolls
 e - a scroll of fear {unknown}
 g - 5 scrolls of magic mapping
 n - a scroll of enchant weapon {unknown}
 p - a scroll of fog
 y - 2 scrolls of identify
Potions
 a - a potion of flight
 d - a potion of might
 i - 4 potions of curing
 k - a potion of brilliance {unknown}
 m - a potion of mutation
 s - a potion of cure mutation {unknown}
 v - a potion of resistance {unknown}
Comestibles
 f - 3 bread rations
 j - a slice of pizza
 r - a royal jelly
 t - 5 fruits
 u - a meat ration


   Skills:
 + Level 5.7 Fighting
 + Level 4.6 Maces & Flails
 + Level 6.2 Armour
 - Level 3.2 Shields


You had 6 spell levels left.
You didn't know any spells.

Dungeon Overview and Level Annotations

Branches:
Dungeon (5/15)
 Temple: D:4-7

Altars:
Pakellas
Sif Muna

Annotations:
D:5 Britaniac's ghost, novice DEFE


Innate Abilities, Weirdness & Mutations

You are resistant to torment.
Your stone body is resilient (AC +4).
You are immune to poison.
You resist negative energy.
You are resistant to electric shocks.
You can survive without breathing.
You are immune to petrification.
You are immune to rotting.


Message History

* * * LOW HITPOINT WARNING * * *
Britaniac's ghost hits you but does no damage.
You are too injured to fight recklessly!
You are too injured to fight recklessly!
You closely miss Britaniac's ghost.
Britaniac's ghost is heavily damaged.
Britaniac's ghost hits you but does no damage.
Drink which item? (? for menu, Esc to quit)
A red film seems to cover your vision as you go berserk!
You feel yourself moving faster!
You feel mighty! Britaniac's ghost casts a spell at you.
The flame tongue hits you!
* * * LOW HITPOINT WARNING * * *
You are too injured to fight recklessly!
You are too injured to fight recklessly!
You thump Britaniac's ghost!
Britaniac's ghost is almost destroyed.
Britaniac's ghost gestures at you while chanting.
The flame tongue hits you!
You die...

#..... ...#
###.....##...#
.)...........#
.............#
.............#
.............#
.............#
...>..W......#
######@##...#
#...)†##...#
.........#...#
.........#...#
.........#...#
#####+####...#
##...# #....#
#....#


You could see Britaniac's ghost.

Vanquished Creatures
  Edmund (D:4)
  Blork the orc (D:5)
  A scorpion (D:4)
  3 hounds (D:4)
  Crazy Yiuf (D:2)
  An iguana (D:4)
  A worker ant (D:4)
  3 gnolls (D:3)
  7 adders
  An adder skeleton (D:4)
  3 dart slugs
  4 giant geckos
  12 orcs
  A ball python (D:2)
  11 bats
  6 giant cockroaches
  8 goblins
  8 hobgoblins
  7 jackals
  3 giant newts
  10 kobolds
  10 rats
103 creatures vanquished.

Notes
Turn   | Place    | Note
--------------------------------------------------------------
     0 | D:1      | Inkary the Gargoyle Fighter began the quest for the Orb.
     0 | D:1      | Reached XP level 1. HP: 14/14 MP: 1/1
   120 | D:1      | Reached XP level 2. HP: 16/19 MP: 2/2
   260 | D:1      | Reached XP level 3. HP: 23/23 MP: 3/3
   583 | D:1      | Reached skill level 4 in Armour
  1096 | D:2      | Reached XP level 4. HP: 28/29 MP: 4/4
  1444 | D:2      | Noticed Crazy Yiuf
  1449 | D:2      | Killed Crazy Yiuf
  1631 | D:3      | Reached XP level 5. HP: 33/33 MP: 5/5
  1790 | D:3      | Found a deep blue altar of Sif Muna.
  2243 | D:3      | Found an oddly glowing altar of Pakellas.
  2285 | D:3      | Reached skill level 5 in Armour
  2470 | D:4      | Reached XP level 6. HP: 39/39 MP: 6/6
  2524 | D:4      | Noticed Edmund
  2533 | D:4      | Killed Edmund
  2533 | D:4      | Reached skill level 5 in Fighting
  2767 | D:4      | Reached XP level 7. HP: 33/44 MP: 7/7
  3074 | D:4      | Reached skill level 6 in Armour
  3317 | D:5      | Entered Level 5 of the Dungeon
  3334 | D:5      | Noticed Blork the orc
  3350 | D:5      | Noticed Britaniac's ghost (novice DEFE)
  3352 | D:5      | Killed Blork the orc
  3368 | D:5      | Killed from afar by Britaniac's ghost

Skill      XL: |  1  2  3  4  5  6  7 |
---------------+----------------------+-----
Armour         | 4 5 6 |  6.2
Maces & Flails | 3 4 |  4.6
Fighting       | 4 5 |  5.7
Shields        | |  3.2

Action                   |  1- 3 |  4- 6 |  7- 9 || total
-------------------------+-------+-------+-------++-------
Melee: Flail             |   161 |   227 |    88 ||   476
  Use: Scroll            |       |     9 |       ||     9
       Potion            |       |       |     3 ||     3
  Eat: Chunk             |    14 |     6 |     2 ||    22
Armor: Scale mail        |    93 |   118 |       ||   211
       Ring mail         |       |    12 |    58 ||    70
Dodge: Dodged            |    72 |    81 |    33 ||   186
Block: Shield            |    91 |   132 |    57 ||   280
